Unix NetHack Version 5.0.0-0 post-release - last build Jul 19 2026 19:10:59 (3aa4ab31751d3886436d94b585a96704892fd477,branch:main).

Game began 2026-07-30 15:48:11, ended 2026-07-30 20:18:12.

Barrb, neutral female human Barbarian

         ----------
         |.........###                                               ------
         |........|  #  --------------------------------             |....|
         |.<...[..|  #  |.......[......................|#           #-....|
         |........|  #  |...--------.......-----------.|[#      #####|....|
         ----.--+--  ###|...|+++|..|------.|..|(((|..|.| #      #    |....|
          #######     ##|...|+.+|..|)@...|.|..|(((|..-.-###    ##    ----.-
         ###          ##|...|...||-|.._[.|.--||...|---.| #   ###      ####
        ##            ##|...--|--..|.%...|....-|---.)..| # ###        #
    #####             ##|..........|.)[..|.............| ###         ##
    #                 ##.........{.----@--.{..)....[...|   #        ##
   ##                  #|.............aaa......[........   ####   ###
  -.-----.--           #|...-|---......a.)S.-+--|---....  #   #  -|------
  |....).[.|     ####[##-...|...|-------.---|  |..(|...|      #  |[.....|
  |..[[[.[.[#)###[     #|...|(..|..|.].-.|..|  |*![|...+      #  |......|
  |........|            |...|((.|..|!..|.-..|  |?=+|...|      ###-......|
  |......>.|            |...-----|------.----  -----...|         --------
  |........|            |..............................|
  ----------            --------------------------------

Barrb the Bandit           St:18 Dx:18 Co:18 In:8 Wi:8 Ch:7  Neutral
Dlvl:6  $:402 HP:0(82) Pw:24(24) AC:10 Xp:9 T:8669  Stressed

Latest messages:
 You finish taking off your gloves.
 What do you want to take off? [DEN or ?*] D
 You finish taking off your boots.
 What do you want to take off? [EN or ?*] E
 You sure are noisy.
 You were wearing an uncursed +0 elven cloak.
 What do you want to take off? [NO or ?*] N
 You finish taking off your helm.
 You finish taking off your suit.
 You see here a garter snake corpse.
 You see here a cursed orcish helm.
 What do you want to use or apply? [dekoryBCIJMUX-Z or ?*] U
 A vampire bat suddenly appears next to you!
 The vampire bat turns to flee.
 You see here a garter snake corpse.
 You smite the vampire bat!
 You smite the vampire bat!
 The vampire bat turns to flee.
 You kill the vampire bat!
 Welcome to experience level 9.
 The fire ant bites!
 The fire ant bites again!
 You're on fire!
 The fire ant bites!
 The fire ant bites again!
 You're on fire!
 The fire ant bites!
 The fire ant bites again!
 You're on fire!
 Your lamp catches light!
 The fire ant bites!
 The fire ant bites again!
 You're on fire!
 The fire ant bites!
 The fire ant bites again!
 You're on fire!
 The fire ant bites!
 The fire ant bites again!
 You're on fire!
 The fire ant bites!
 The fire ant bites again!
 You're on fire!
 The fire ant bites!
 The fire ant bites again!
 You're on fire!
 One of your scrolls labeled READ ME catches fire and burns!
 You hear the howling of the CwnAnnwn...
 You die...
 Do you want your possessions identified? [ynq] (y) y
 Do you want to see your attributes? [ynq] (y) q

Inventory:
 Coins    ('$')
  $ - 402 gold pieces
 Amulets  ('"')
  K - an uncursed amulet of flying
  i - an uncursed amulet of magical breathing
  m - an uncursed amulet of restful sleep
 Weapons  (')')
  Q - 110 +0 darts (at the ready)
  e - the blessed rustproof +1 Cleaver (weapon in hands)
  a - a blessed +0 two-handed sword
 Armor    ('[')
  N - an uncursed +0 dwarvish iron helm
  q - an uncursed +0 pair of leather gloves
  D - an uncursed +1 pair of water walking boots
  E - an uncursed +0 elven cloak
  O - an uncursed +0 dwarvish mithril-coat
 Comestibles  ('%')
  s - 6 uncursed food rations
  A - an uncursed tripe ration
 Scrolls  ('?')
  j - 2 uncursed scrolls of confuse monster
  t - an uncursed scroll of create monster
  x - an uncursed scroll of earth
  g - a blessed scroll of enchant armor
  w - an uncursed scroll of enchant armor
  u - an uncursed scroll of gold detection
  R - 2 uncursed scrolls of remove curse
  V - 2 uncursed scrolls of teleportation
 Potions  ('!')
  W - an uncursed potion of full healing
  f - 3 uncursed potions of healing
 Rings    ('=')
  l - an uncursed +1 ring of adornment
  H - an uncursed ring of fire resistance
  z - an uncursed +1 ring of increase damage
  n - an uncursed ring of polymorph control
 Wands    ('/')
  d - a wand of digging (0:3)
  Z - a wand of lightning (0:8)
  y - a wand of magic missile (0:6)
  B - a wand of striking (0:7)
  J - a wand of striking (0:6)
 Tools    ('(')
  o - an uncursed bag of holding containing 11 items
  X - an empty uncursed bag of holding
  I - an uncursed oilskin sack containing 9 items
  k - an uncursed sack containing 18 items
  U - a bag of tricks (0:9)
  r - an uncursed blindfold
  Y - a blessed oil lamp (lit)
  C - an uncursed skeleton key
  M - an uncursed tin whistle
 Gems/Stones  ('*')
  v - 2 uncursed dilithium crystals
  F - 3 uncursed worthless pieces of violet glass

Contents of the sack:
  494 gold pieces
  an uncursed amulet of magical breathing
  10 blessed poisoned +0 orcish arrows
  37 poisoned +0 orcish arrows
  7 +0 silver arrows
  6 blessed +0 darts
  an uncursed tin of kobold meat
  an uncursed tin of pony meat
  3 uncursed scrolls of blank paper
  an uncursed ring of slow digestion
  a wand of polymorph (0:5)
  an uncursed magic lamp
  an uncursed oil lamp
  a +0 pick-axe
  an uncursed wax candle
  an uncursed garnet stone
  an uncursed ruby
  an uncursed worthless piece of red glass

Contents of the bag of holding:
  an uncursed black opal
  a cursed chrysoberyl stone
  an uncursed diamond
  an uncursed opal
  an uncursed worthless piece of blue glass
  a cursed worthless piece of blue glass
  2 uncursed worthless pieces of green glass
  an uncursed worthless piece of orange glass
  an uncursed worthless piece of white glass
  an uncursed worthless piece of yellow glass
  an uncursed worthless piece of yellowish brown glass

Contents of the oilskin sack:
  224 gold pieces
  a +0 elven dagger
  a +0 orcish dagger
  an uncursed food ration
  an uncursed tin of gecko meat
  2 uncursed scrolls of blank paper
  a cursed scroll of blank paper
  a cursed scroll of enchant weapon
  an uncursed scroll of identify

Barrb the Barbarian's attributes:

Background:
 You were a Bandit, a level 9 female human Barbarian.
 You were neutral, on a mission for Crom
 who was opposed by Mitra (lawful) and Set (chaotic).
 You were left-handed.
 You were in the Gnomish Mines, on level 6.
 You entered the dungeon 8669 turns ago.
 There was a full moon in effect when your adventure ended.
 You had 2560 experience points, 2560 more were needed to attain level 10.

Basics:
 You had 0 out of 82 hit points.
 You had all 24 energy points (spell power).
 Your armor class was 10.
 Your wallet contained 402 zorkmids, and
 you had 718 more stashed away in your pack.
 Autopickup was off.

Final Characteristics:
 Your strength was 18 (limit:18/100).
 Your dexterity was 18 (limit:18).
 Your constitution was 18 (limit:18).
 Your intelligence was 8 (limit:18).
 Your wisdom was 8 (limit:18).
 Your charisma was 7 (limit:18).

Final Status:
 You weren't hungry.
 You were stressed; movement was moderately slowed.
 You were wielding an axe.
 You had basic skill with axe.
 You weren't wearing any armor.

Final Attributes:
 You were piously aligned.
 You were cold resistant.
 You were poison resistant.
 You were telepathic.
 You were fast.
 You were lucky.
 You are dead.

Miscellaneous:
 You encountered 1 bones level.
 Total elapsed playing time was 3 hours, 15 minutes and 41 seconds.

Major events:
 Turn
    1: Barrb the neutral female human Barbarian entered the dungeon
  531: entered the Gnomish Mines
 1322: attained the rank of Pillager (level 3)
 3817: attained the rank of Bandit (level 6)
 5668: reached Mine Town
 5683: read a Discworld novel
 8630: was bestowed with Cleaver by Crom
 8669: killed by a fire ant

You didn't know any spells.

Skills:
 Fighting Skills
   bare handed combat [Basic]
   two weapon combat  [Unskilled]
   riding             [Unskilled]
 Weapon Skills
   dagger             [Unskilled]
   axe                [Basic]
   pick-axe           [Unskilled]
   short sword        [Unskilled]
   broadsword         [Unskilled]
   long sword         [Unskilled]
   two-handed sword   [Expert]
   saber              [Unskilled]
   club               [Unskilled]
   mace               [Unskilled]
   morning star       [Unskilled]
   flail              [Unskilled]
   hammer             [Unskilled]
   quarterstaff       [Unskilled]
   spear              [Unskilled]
   trident            [Unskilled]
   bow                [Unskilled]
 Spellcasting Skills
   attack spells      [Unskilled]
   escape spells      [Unskilled]

Voluntary challenges:
 Character rerolling was not enabled.
 You never genocided any monsters.
 You never polymorphed an object.
 You never changed form.
 You used no wishes.
Achievements:
 You entered the Gnomish Mines.
 You entered a shop.
 You attained the rank of Pillager.
 You attained the rank of Bandit.
 You entered Minetown.
 You read from a Discworld novel.
 You entered a temple.

 The Dungeons of Doom: levels 1 to 5
    Level 1:
    Level 2:
       A fountain.
       Stairs down to The Gnomish Mines.
    Level 3:
       A general store, a sink.
    Level 4:
       A fountain.
    Level 5:
 The Gnomish Mines: levels 3 to 9
    Level 3:
    Level 4:
    Level 5:
    Level 6: <- You were here.
       Many shops, a temple and an altar to Crom, some fountains.
       Final resting place for
          you, killed by a fire ant.
    Level 7:
    Level 8:
       A grave.
       Final resting place for
          Jamofthetoe-Val-Dwa-Fem-Law, killed by an elven arrow.
    Level 9:


Vanquished creatures:
  a ghost
  a large mimic
  2 small mimics
  a large dog
  a gargoyle
  a tengu
 an elf mummy
  2 watchmen
  a giant beetle
  2 quivering blobs
  a wolf
  2 winter wolf cubs
  a panther
 an iron piercer
  a vampire bat
  a werewolf
  2 Green-elves
  a lizard
  2 jaguars
  2 ravens
  a snake
  a rope golem
  a Woodland-elf
 an imp
  a quasit
  a mountain nymph
 12 Uruk-hai
  a rock piercer
  a rock mole
  a fog cloud
  3 shriekers
 14 gnome leaders
  4 gnomish wizards
  a kobold mummy
  a black naga hatchling
  4 elf zombies
  a straw golem
  a paper golem
  4 giant ants
  a little dog
  3 floating eyes
  a kitten
 13 dwarves
  4 homunculi
  2 kobold shamans
  2 hill orcs
  3 rothes
  a rabid rat
  2 orc zombies
  2 wererats
  5 iguanas
  4 killer bees
  6 acid blobs
  a gas spore
  2 hobbits
  2 hobgoblins
  7 cave spiders
  a brown mold
  a yellow mold
  a green mold
  2 red molds
 53 gnomes
  3 garter snakes
  2 geckos
  4 jackals
  a fox
  3 kobolds
  3 goblins
  5 sewer rats
  9 grid bugs
  a bat
  4 lichens
  2 kobold zombies
 13 newts
250 creatures vanquished.

No species were genocided or became extinct.

Game over:
                       ----------
                      /          \
                     /    REST    \
                    /      IN      \
                   /     PEACE      \
                  /                  \
                  |      Barrb       |
                  |     1120 Au      |
                  | killed by a fire |
                  |       ant        |
                  |                  |
                  |                  |
                  |       2026       |
                 *|     *  *  *      | *
        _________)/\\_//(\/(/\)/\//\/|_)_______

Goodbye Barrb the Barbarian...

You died in The Gnomish Mines on dungeon level 6 with 11698 points,
and 1120 pieces of gold, after 8669 moves.
You were level 9 with a maximum of 82 hit points when you died.

